ST.LOUIS vs COLORADO

Created - Tuesday, October 24, 2017 at 20:23

Goals
1 2 3 T
ST.LOUIS 2 0 2 4
COLORADO 1 0 2 3
Shots
1 2 3 T
ST.LOUIS 13 16 7 36
COLORADO 5 4 13 22

1st period

1. ST.LOUIS , Jason Spezza 2 (Calle Jarnkrok, Sam Gagner) at 3:07 (PP)
2. ST.LOUIS , Brooks Orpik 3 (Jason Spezza, Sam Gagner) at 6:35 (PP)
3. COLORADO , Artem Anisimov 3 (Dylan Larkin, Dan Girardi) at 10:33

Penalties :
Patrik Berglund (COL) for Roughing (Minor) at 2:14, Nikita Nesterov (COL) for Tripping (Minor) at 5:04, Dan Girardi (COL) for Interference (Minor) at 10:43, Kevin Klein (COL) for Interference (Minor) at 19:39

2nd period

No Goal

Penalties :
Kevin Klein (COL) for Checking from behind (Minor) at 2:19, Patrik Berglund (COL) for Slashing (Minor) at 9:46, David Pastrnak (COL) for Hooking (Minor) at 13:51, Alex Petrovic (STL) for Cross-checking (Minor) at 13:51

3rd period

4. COLORADO , Alexey Marchenko 1 (Patrik Berglund, Nikita Nesterov) at 3:43
5. ST.LOUIS , Jaden Schwartz 1 (Travis Zajac, Radim Vrbata) at 5:12
6. ST.LOUIS , Calle Jarnkrok 1 (Alex Petrovic) at 10:18
7. COLORADO , Riley Sheahan 1 (Nick Bjugstad, Jonas Brodin) at 15:23

Penalties :
Erik Johnson (STL) for Interference (Minor) at 1:04, Erik Johnson (STL) for Cross-checking (Minor) at 11:59, David Pastrnak (COL) for Hooking (Minor) at 17:06

Goalie Stats

Ben Bishop (STL), 19 saves from 22 shots - (0.864), W, 2-1-1, 60:00 minutes
Carey Price (COL), 32 saves from 36 shots - (0.889), L, 2-2-0, 59:10 minutes

Players Stats for ST.LOUIS

Player Name              G  A  P  +/- PIM S  H  SB GA TA FO     MP     PP MP  PK MP  
------------------------------------------------------------------------------------
Alex Petrovic            0  1  1   0  2   2  3  0  0  0  0/0    19:03   5:21   1:44 
Brooks Orpik             1  0  1   0  0   2  1  1  0  0  0/0    20:51   5:21   2:50 
Calle Jarnkrok           1  1  2  -1  0   5  0  1  0  0  0/0    20:12   5:22   1:52 
Dale Weise               0  0  0   0  0   0  0  0  0  0  0/0     0:00   0:00   0:00 
Darnell Nurse            0  0  0  -2  0   0  2  1  0  0  0/0    14:20   0:00   1:08 
Darren Archibald         0  0  0  -1  0   0  1  0  0  0  0/0     3:10   0:00   0:00 
Erik Johnson             0  0  0   1  4   1  3  0  0  0  0/0    24:47   6:58   0:00 
Jaden Schwartz           1  0  1   1  0   5  2  0  0  0  0/1    23:59   6:57   1:35 
Jason Spezza             1  1  2  -1  0   4  2  1  0  0  17/28  19:25   5:22   0:31 
Jonathan Ericsson        0  0  0  -2  0   1  2  0  0  0  0/0    13:53   0:00   0:00 
Radim Vrbata             0  1  1   1  0   3  1  0  0  0  0/0    22:04   6:57   0:31 
Ryan Dzingel             0  0  0   0  0   1  0  0  0  0  1/11   11:34   0:00   0:00 
Ryan McDonagh            0  0  0   1  0   2  2  1  0  0  0/0    27:03   6:58   2:14 
Sam Gagner               0  2  2  -1  0   3  0  0  0  0  0/1    18:20   5:22   0:00 
Travis Zajac             0  1  1   0  0   4  0  1  0  0  18/42  27:09   6:57   1:35 
Troy Brouwer             0  0  0   0  0   1  4  0  0  0  0/2    13:26   0:00   1:52 
Vladislav Namestnikov    0  0  0   0  0   2  1  0  0  0  0/0    11:34   0:00   0:00 
Zack Kassian             0  0  0  -1  0   0  2  0  0  0  0/0     3:10   0:00   0:00 

Players Stats for COLORADO

Player Name              G  A  P  +/- PIM S  H  SB GA TA FO     MP     PP MP  PK MP  
------------------------------------------------------------------------------------
Adam Lowry               0  0  0   1  0   0  1  1  0  0  0/1    14:00   0:00   4:07 
Alexey Marchenko         1  0  1   0  0   1  0  1  0  0  0/0     5:30   0:00   0:00 
Artem Anisimov           1  0  1   1  0   1  2  0  0  0  0/1    15:07   2:27   0:00 
Artturi Lehkonen         0  0  0   0  0   0  0  0  0  0  0/1     3:18   0:00   0:00 
Brandon Carlo            0  0  0  -1  0   0  1  2  0  0  0/0    18:28   0:00   6:26 
Calvin de Haan           0  0  0  -1  0   0  3  1  0  0  0/0    15:06   1:58   0:00 
Carl Soderberg           0  0  0   1  0   1  0  0  0  0  0/0    10:46   0:00   0:00 
Dan Girardi              0  1  1   1  2   1  1  0  0  0  0/0    22:11   2:00   5:37 
David Krejci             0  0  0   1  0   0  2  0  0  0  9/11   15:39   2:27   0:32 
David Pastrnak           0  0  0  -1  4   2  1  0  0  0  1/2    24:26   1:31   6:35 
Dylan Larkin             0  1  1   1  0   5  0  0  0  0  1/1    15:07   2:27   0:00 
Jack Johnson             0  0  0   1  0   1  1  1  0  0  0/0    22:40   2:00   5:53 
Joe Thornton             0  0  0  -1  0   3  1  0  0  0  5/10   22:26   1:31   3:33 
Jonas Brodin             0  1  1   1  0   0  0  1  0  0  0/0    13:19   1:58   1:19 
Kevin Klein              0  0  0   1  4   0  1  0  0  0  0/0    11:21   0:00   0:00 
Mikko Koivu              0  0  0  -1  0   2  1  0  0  0  18/37  26:10   1:31   7:40 
Nick Bjugstad            0  1  1   0  0   2  0  0  0  0  4/6     2:49   0:00   0:00 
Nikita Nesterov          0  1  1   0  2   0  3  0  0  0  0/0    11:21   0:00   5:23 
Patrik Berglund          0  1  1   1  4   1  0  0  0  0  10/13  11:22   0:00   0:32 
Riley Sheahan            1  0  1   0  0   2  0  0  0  0  1/2     4:28   0:00   1:39 

3 Stars

1 - Jason Spezza (STL)
2 - Jaden Schwartz (STL)
3 - Artem Anisimov (COL)

Power Play

ST.LOUIS - 2 on 7 Attempt(s) - 28.57%
COLORADO - 0 on 2 Attempt(s) - 0.00%

Penalty Kill

ST.LOUIS - 2 on 2 Attempt(s) - 100.00% - Score 0 goal in Penalty Kill
COLORADO - 5 on 7 Attempt(s) - 71.43% - Score 0 goal in Penalty Kill

Team Stat

ST.LOUIS - Hits : 26 - Faceoff Wins : 36 - Blocked Shots : 6 - Penalty Minutes : 6
COLORADO - Hits : 18 - Faceoff Wins : 49 - Blocked Shots : 7 - Penalty Minutes : 16

Official

Referees : Unknown
Linesman : Unknown

Game Notes

No Game Note

Finance

Level 1 -- Attendance: 5547 (92.45%) -- Ticket Income $510,324
Level 2 -- Attendance: 3711 (74.22%) -- Ticket Income $230,082
Level 3 -- Attendance: 2000 (100.00%) -- Ticket Income $68,000
Level 4 -- Attendance: 2954 (73.85%) -- Ticket Income $64,988
Luxury Box -- Attendance: 982 (98.20%) -- Ticket Income $176,760
Game was played at the Pepsi Center.
Total Attendance: 15194 (84.41%)
Total Ticket Income: $1,050,154
Total Income: $1,050,154

ST.LOUIS

5 vs 5 Forward 
   Center                   Left Wing                Right Wing               Time % Phy DF OF 
 1 Travis Zajac             Jaden Schwartz           Radim Vrbata             35     1   2  2  
 2 Jason Spezza             Calle Jarnkrok           Sam Gagner               30     1   2  2  
 3 Ryan Dzingel             Troy Brouwer             Vladislav Namestnikov    25     1   2  2  
 4 Travis Zajac             Darren Archibald         Zack Kassian             10     1   2  2  

5 vs 5 Defense 
   Defense                  Defense                                           Time % Phy DF OF 
 1 Ryan McDonagh            Erik Johnson                                      35     1   2  2  
 2 Brooks Orpik             Alex Petrovic                                     30     1   2  2  
 3 Jonathan Ericsson        Darnell Nurse                                     25     1   2  2  
 4 Ryan McDonagh            Erik Johnson                                      10     1   2  2  

PowerPlay Forward 
   Center                   Left Wing                Right Wing               Time % Phy DF OF 
 1 Travis Zajac             Jaden Schwartz           Radim Vrbata             60     1   2  2  
 2 Jason Spezza             Calle Jarnkrok           Sam Gagner               40     1   2  2  

PowerPlay Defense
   Defense                  Defense                                           Time % Phy DF OF 
 1 Ryan McDonagh            Erik Johnson                                      60     1   2  2  
 2 Brooks Orpik             Alex Petrovic                                     40     1   2  2  

Penalty Kill 4 Players Forward 
   Center                   Wing                     Time % Phy DF OF 
 1 Travis Zajac             Jaden Schwartz           60     1   2  2  
 2 Jason Spezza             Radim Vrbata             40     1   2  2  

Penalty Kill 4 Players Defense
   Defense                  Defense                  Time % Phy DF OF 
 1 Ryan McDonagh            Erik Johnson             60     1   2  2  
 2 Brooks Orpik             Alex Petrovic            40     1   2  2  

Penalty Kill - 3 Players Forward 
   Forward                                           Time % Phy DF OF 
 1 Travis Zajac                                      60     1   2  2  
 2 Jaden Schwartz                                    40     1   2  2  

Penalty Kill - 3 Players Defense
   Defense                  Defense                  Time % Phy DF OF 
 1 Ryan McDonagh            Erik Johnson             60     1   2  2  
 2 Brooks Orpik             Alex Petrovic            40     1   2  2  

4 vs 4 Forward 
   Center                   Wing                     Time % Phy DF OF 
 1 Travis Zajac             Jaden Schwartz           60     1   2  2  
 2 Jason Spezza             Radim Vrbata             40     1   2  2  

4 vs 4 Defense
   Defense                  Defense                  Time % Phy DF OF 
 1 Ryan McDonagh            Erik Johnson             60     1   2  2  
 2 Brooks Orpik             Alex Petrovic            40     1   2  2  

Last Minutes Offensive
   Center                   Left Wing                Right Wing               Defense                  Defense                  
   Travis Zajac             Jaden Schwartz           Radim Vrbata             Ryan McDonagh            Erik Johnson             

Last Minutes Defensive
   Center                   Left Wing                Right Wing               Defense                  Defense                  
   Travis Zajac             Jaden Schwartz           Radim Vrbata             Ryan McDonagh            Erik Johnson             

Goaltenders
Starting : Ben Bishop               
Backup : Alex Stalock             

Extra Forwards
Normal : Dale Weise, Vladislav Namestnikov, Troy Brouwer - PP : Dale Weise, Vladislav Namestnikov - PK : Troy Brouwer
Extra Defensemen
Normal : Jonathan Ericsson, Darnell Nurse, Brooks Orpik - PP : Jonathan Ericsson - PK : Darnell Nurse, Brooks Orpik
Penalty Shots
Travis Zajac, Jaden Schwartz, Jason Spezza, Radim Vrbata, Sam Gagner

COLORADO

5 vs 5 Forward 
   Center                   Left Wing                Right Wing               Time % Phy DF OF 
 1 Mikko Koivu              David Pastrnak           Joe Thornton             35     1   2  2  
 2 David Krejci             Artem Anisimov           Dylan Larkin             30     1   2  2  
 3 Patrik Berglund          Adam Lowry               Carl Soderberg           25     1   2  2  
 4 Nick Bjugstad            Riley Sheahan            Artturi Lehkonen         10     1   2  2  

5 vs 5 Defense 
   Defense                  Defense                                           Time % Phy DF OF 
 1 Jack Johnson             Dan Girardi                                       35     1   2  2  
 2 Calvin de Haan           Brandon Carlo                                     30     1   2  2  
 3 Jonas Brodin             Kevin Klein                                       25     1   2  2  
 4 Nikita Nesterov          Alexey Marchenko                                  10     1   2  2  

PowerPlay Forward 
   Center                   Left Wing                Right Wing               Time % Phy DF OF 
 1 Mikko Koivu              David Pastrnak           Joe Thornton             60     1   2  2  
 2 David Krejci             Artem Anisimov           Dylan Larkin             40     1   2  2  

PowerPlay Defense
   Defense                  Defense                                           Time % Phy DF OF 
 1 Jack Johnson             Dan Girardi                                       60     1   2  2  
 2 Jonas Brodin             Calvin de Haan                                    40     1   2  2  

Penalty Kill 4 Players Forward 
   Center                   Wing                     Time % Phy DF OF 
 1 Mikko Koivu              David Pastrnak           60     1   2  2  
 2 Joe Thornton             Adam Lowry               40     1   2  2  

Penalty Kill 4 Players Defense
   Defense                  Defense                  Time % Phy DF OF 
 1 Dan Girardi              Jack Johnson             60     1   2  2  
 2 Nikita Nesterov          Brandon Carlo            40     1   2  2  

Penalty Kill - 3 Players Forward 
   Forward                                           Time % Phy DF OF 
 1 David Pastrnak                                    60     1   2  2  
 2 Nick Bjugstad                                     40     1   2  2  

Penalty Kill - 3 Players Defense
   Defense                  Defense                  Time % Phy DF OF 
 1 Dan Girardi              Brandon Carlo            60     1   2  2  
 2 Alexey Marchenko         Jack Johnson             40     1   2  2  

4 vs 4 Forward 
   Center                   Wing                     Time % Phy DF OF 
 1 Joe Thornton             Mikko Koivu              60     1   2  2  
 2 Patrik Berglund          Carl Soderberg           40     1   2  2  

4 vs 4 Defense
   Defense                  Defense                  Time % Phy DF OF 
 1 Jack Johnson             Calvin de Haan           60     1   2  2  
 2 Kevin Klein              Dan Girardi              40     1   2  2  

Last Minutes Offensive
   Center                   Left Wing                Right Wing               Defense                  Defense                  
   Mikko Koivu              David Pastrnak           Joe Thornton             Jack Johnson             Dan Girardi              

Last Minutes Defensive
   Center                   Left Wing                Right Wing               Defense                  Defense                  
   Mikko Koivu              David Pastrnak           Joe Thornton             Jack Johnson             Dan Girardi              

Goaltenders
Starting : Carey Price              
Backup : Antti Niemi              

Extra Forwards
Normal : Artturi Lehkonen, Mikko Koivu, Joe Thornton - PP : David Pastrnak, David Krejci - PK : Riley Sheahan
Extra Defensemen
Normal : Kevin Klein, Nikita Nesterov, Alexey Marchenko - PP : Jack Johnson - PK : Dan Girardi, Jonas Brodin
Penalty Shots
Artturi Lehkonen, Mikko Koivu, Joe Thornton, David Pastrnak, David Krejci

% Time on Ice - ST.LOUIS

Lines # - Real PCT - Wanted PCT - Time Play
Normal Forward
1 - 32% - 35% - 13:08
2 - 32% - 30% - 12:58
3 - 28% - 25% - 11:34
4 - 8% - 10% - 3:10
Normal Defense
1 - 36% - 35% - 14:30
2 - 29% - 30% - 11:59
3 - 31% - 25% - 12:49
4 - 4% - 10% - 1:32
PP Forward
1 - 56% - 60% - 6:57
2 - 44% - 40% - 5:22
PP Defense
1 - 57% - 60% - 6:58
2 - 43% - 40% - 5:21
PK Forward
1 - 87% - 60% - 3:27
2 - 13% - 40% - 0:31
PK Defense
1 - 56% - 60% - 2:14
2 - 44% - 40% - 1:44
PK3 Forward
1 - 0% - 60%
2 - 0% - 40%
PK3 Defense
1 - 0% - 60%
2 - 0% - 40%
44 Forward
1 - 71% - 60% - 1:25
2 - 29% - 40% - 0:34
44 Defense
1 - 66% - 60% - 1:18
2 - 34% - 40% - 0:41
Last Minute Offensive  - 0:00
Last Minute Defensive  - 0:54
Total
Forward - 60:00
Defense - 60:00

% Time on Ice - COLORADO

Lines # - Real PCT - Wanted PCT - Time Play
Normal Forward
1 - 38% - 35% - 15:28
2 - 31% - 30% - 12:40
3 - 24% - 25% - 9:53
4 - 7% - 10% - 2:49
Normal Defense
1 - 32% - 35% - 13:16
2 - 29% - 30% - 12:02
3 - 25% - 25% - 10:02
4 - 13% - 10% - 5:30
PP Forward
1 - 38% - 60% - 1:31
2 - 62% - 40% - 2:27
PP Defense
1 - 50% - 60% - 2:00
2 - 50% - 40% - 1:58
PK Forward
1 - 67% - 60% - 8:12
2 - 33% - 40% - 4:07
PK Defense
1 - 48% - 60% - 5:53
2 - 52% - 40% - 6:26
PK3 Forward
1 - 0% - 60%
2 - 0% - 40%
PK3 Defense
1 - 0% - 60%
2 - 0% - 40%
44 Forward
1 - 55% - 60% - 1:06
2 - 45% - 40% - 0:53
44 Defense
1 - 55% - 60% - 1:06
2 - 45% - 40% - 0:53
Last Minute Offensive  - 0:54
Last Minute Defensive  - 0:00
Total
Forward - 60:00
Defense - 60:00

Play by Play

1st period


0:01 of 1st period - Travis Zajac wins face-off versus Mikko Koivu in neutral zone.
0:12 of 1st period - Icing by Jack Johnson.
0:13 of 1st period - Jason Spezza wins face-off versus Mikko Koivu in COLORADO zone.
0:22 of 1st period - David Pastrnak is hit by Brooks Orpik and loses puck.
0:31 of 1st period - Shot by Jack Johnson.
0:31 of 1st period - Shot Misses the Net.
1:11 of 1st period - Shot by Dylan Larkin.
1:11 of 1st period - Stopped by Ben Bishop with a rebound.
1:49 of 1st period - Shot by Vladislav Namestnikov.
1:49 of 1st period - Shot Blocked by Calvin de Haan.
2:14 of 1st period - Minor Penalty to Patrik Berglund for Roughing.
2:15 of 1st period - Mikko Koivu wins face-off versus Travis Zajac in COLORADO zone.
2:21 of 1st period - Icing by Erik Johnson.
2:22 of 1st period - Travis Zajac wins face-off versus Mikko Koivu in ST.LOUIS zone.
2:26 of 1st period - Off-side.
2:27 of 1st period - Mikko Koivu wins face-off versus Travis Zajac in neutral zone.
2:53 of 1st period - Shot by Erik Johnson.
2:53 of 1st period - Stopped by Carey Price without a rebound.
2:54 of 1st period - Jason Spezza wins face-off versus Joe Thornton in COLORADO zone.
3:07 of 1st period - Shot by Jason Spezza.
3:07 of 1st period - Goal by Jason Spezza - ST.LOUIS : 1 - COLORADO : 0.
3:08 of 1st period - Travis Zajac wins face-off versus Nick Bjugstad in neutral zone.
3:26 of 1st period - Riley Sheahan is hit by Erik Johnson and loses puck.
4:54 of 1st period - Shot by Jason Spezza.
4:54 of 1st period - Shot Misses the Net.
5:04 of 1st period - Minor Penalty to Nikita Nesterov for Tripping.
5:05 of 1st period - Jason Spezza wins face-off versus Mikko Koivu in COLORADO zone.
5:06 of 1st period - Shot by Brooks Orpik.
5:06 of 1st period - Shot Misses the Net.
5:08 of 1st period - Shot by Jason Spezza.
5:08 of 1st period - Stopped by Carey Price without a rebound.
5:09 of 1st period - Travis Zajac wins face-off versus Mikko Koivu in COLORADO zone.
5:14 of 1st period - Shot by Radim Vrbata.
5:14 of 1st period - Shot Blocked by Jack Johnson.
5:35 of 1st period - Icing by Ryan McDonagh.
5:36 of 1st period - Mikko Koivu wins face-off versus Travis Zajac in ST.LOUIS zone.
5:36 of 1st period - Mikko Koivu is hit by Erik Johnson.
5:40 of 1st period - Shot by David Pastrnak.
5:40 of 1st period - Shot Misses the Net.
5:43 of 1st period - Icing by Jaden Schwartz.
5:44 of 1st period - Joe Thornton wins face-off versus Travis Zajac in ST.LOUIS zone.
6:11 of 1st period - Shot by Jaden Schwartz.
6:11 of 1st period - Shot Misses the Net.
6:13 of 1st period - Shot by Jaden Schwartz.
6:13 of 1st period - Stopped by Carey Price without a rebound.
6:14 of 1st period - Jason Spezza wins face-off versus Mikko Koivu in COLORADO zone.
6:15 of 1st period - Shot by Alex Petrovic.
6:15 of 1st period - Stopped by Carey Price without a rebound.
6:16 of 1st period - Jason Spezza wins face-off versus Mikko Koivu in COLORADO zone.
6:33 of 1st period - Shot by Jason Spezza.
6:33 of 1st period - Shot Blocked by Brandon Carlo.
6:35 of 1st period - Shot by Brooks Orpik.
6:35 of 1st period - Goal by Brooks Orpik - ST.LOUIS : 2 - COLORADO : 0.
6:36 of 1st period - David Krejci wins face-off versus Travis Zajac in neutral zone.
6:41 of 1st period - Shot by Dylan Larkin.
6:41 of 1st period - Shot Misses the Net.
7:02 of 1st period - Shot by Travis Zajac.
7:02 of 1st period - Stopped by Carey Price without a rebound.
7:03 of 1st period - Jason Spezza wins face-off versus Mikko Koivu in COLORADO zone.
9:07 of 1st period - Icing by Kevin Klein.
9:08 of 1st period - Patrik Berglund wins face-off versus Ryan Dzingel in COLORADO zone.
9:33 of 1st period - Kevin Klein is hit by Vladislav Namestnikov and loses puck.
9:44 of 1st period - Ryan Dzingel is hit by Adam Lowry and loses puck.
10:11 of 1st period - Calvin de Haan is hit by Zack Kassian and loses puck.
10:18 of 1st period - Shot by Travis Zajac.
10:18 of 1st period - Stopped by Carey Price without a rebound.
10:19 of 1st period - David Krejci wins face-off versus Jason Spezza in COLORADO zone.
10:31 of 1st period - Shot by Dan Girardi.
10:31 of 1st period - Shot Blocked by Brooks Orpik.
10:33 of 1st period - Shot by Dylan Larkin.
10:33 of 1st period - Deflect By Artem Anisimov.
10:33 of 1st period - Goal by Artem Anisimov - ST.LOUIS : 2 - COLORADO : 1.
10:34 of 1st period - Travis Zajac wins face-off versus Mikko Koivu in neutral zone.
10:36 of 1st period - Off-side.
10:37 of 1st period - Travis Zajac wins face-off versus Mikko Koivu in neutral zone.
10:43 of 1st period - Minor Penalty to Dan Girardi for Interference.
10:44 of 1st period - Mikko Koivu wins face-off versus Travis Zajac in COLORADO zone.
12:06 of 1st period - Shot by Alex Petrovic.
12:06 of 1st period - Deflect By Sam Gagner.
12:06 of 1st period - Shot Misses the Net.
12:12 of 1st period - Shot by Sam Gagner.
12:12 of 1st period - Stopped by Carey Price without a rebound.
12:13 of 1st period - Travis Zajac wins face-off versus Mikko Koivu in COLORADO zone.
12:20 of 1st period - Shot by Ryan McDonagh.
12:20 of 1st period - Stopped by Carey Price without a rebound.
12:21 of 1st period - Mikko Koivu wins face-off versus Jason Spezza in COLORADO zone.
12:34 of 1st period - Shot by Sam Gagner.
12:34 of 1st period - Shot Blocked by Jonas Brodin.
13:02 of 1st period - Vladislav Namestnikov is hit by Calvin de Haan.
13:08 of 1st period - Shot by Vladislav Namestnikov.
13:08 of 1st period - Shot Misses the Net.
13:10 of 1st period - Shot by Jonathan Ericsson.
13:10 of 1st period - Stopped by Carey Price with a rebound.
13:31 of 1st period - Icing by Calvin de Haan.
13:32 of 1st period - David Krejci wins face-off versus Travis Zajac in COLORADO zone.
14:55 of 1st period - Shot by Jason Spezza.
14:55 of 1st period - Shot Misses the Net.
14:57 of 1st period - Shot by Jason Spezza.
14:57 of 1st period - Deflect By Calle Jarnkrok.
14:57 of 1st period - Stopped by Carey Price without a rebound.
14:58 of 1st period - Nick Bjugstad wins face-off versus Troy Brouwer in COLORADO zone.
15:03 of 1st period - Shot by Ryan Dzingel.
15:03 of 1st period - Stopped by Carey Price without a rebound.
15:04 of 1st period - Ryan Dzingel wins face-off versus David Krejci in COLORADO zone.
15:04 of 1st period - Jonathan Ericsson is hit by Calvin de Haan and loses puck.
15:48 of 1st period - Vladislav Namestnikov is hit by Artem Anisimov and loses puck.
16:29 of 1st period - Shot by Mikko Koivu.
16:29 of 1st period - Stopped by Ben Bishop without a rebound.
16:30 of 1st period - Patrik Berglund wins face-off versus Jason Spezza in ST.LOUIS zone.
16:35 of 1st period - Shot by Adam Lowry.
16:35 of 1st period - Shot Misses the Net.
17:31 of 1st period - Calle Jarnkrok is hit by Joe Thornton and loses puck.
18:52 of 1st period - Shot by Dylan Larkin.
18:52 of 1st period - Stopped by Ben Bishop with a rebound.
19:08 of 1st period - Shot by Nick Bjugstad.
19:08 of 1st period - Stopped by Ben Bishop without a rebound.
19:09 of 1st period - Patrik Berglund wins face-off versus Ryan Dzingel in ST.LOUIS zone.
19:09 of 1st period - Patrik Berglund is hit by Darnell Nurse.
19:20 of 1st period - Patrik Berglund is hit by Jonathan Ericsson and loses puck.
19:27 of 1st period - Adam Lowry is hit by Troy Brouwer and loses puck.
19:39 of 1st period - Minor Penalty to Kevin Klein for Interference.
19:40 of 1st period - Jason Spezza wins face-off versus Mikko Koivu in COLORADO zone.
Goals for this period are 2 for ST.LOUIS vs 1 for COLORADO.
Shots for this period are 13 for ST.LOUIS vs 5 for COLORADO.

2nd period


0:01 of 2nd period - Travis Zajac wins face-off versus Mikko Koivu in neutral zone.
0:05 of 2nd period - Off-side.
0:06 of 2nd period - Travis Zajac wins face-off versus Mikko Koivu in neutral zone.
0:47 of 2nd period - Shot by Ryan McDonagh.
0:47 of 2nd period - Stopped by Carey Price without a rebound.
0:48 of 2nd period - Jason Spezza wins face-off versus Joe Thornton in COLORADO zone.
0:48 of 2nd period - Jason Spezza is hit by Nikita Nesterov.
0:52 of 2nd period - Shot by Calle Jarnkrok.
0:52 of 2nd period - Shot Misses the Net.
1:51 of 2nd period - Shot by Troy Brouwer.
1:51 of 2nd period - Stopped by Carey Price without a rebound.
1:52 of 2nd period - Patrik Berglund wins face-off versus Travis Zajac in COLORADO zone.
2:19 of 2nd period - Minor Penalty to Kevin Klein for Checking from behind.
2:20 of 2nd period - Joe Thornton wins face-off versus Jason Spezza in COLORADO zone.
2:37 of 2nd period - Shot by Brooks Orpik.
2:37 of 2nd period - Stopped by Carey Price without a rebound.
2:38 of 2nd period - Travis Zajac wins face-off versus Joe Thornton in COLORADO zone.
2:38 of 2nd period - Ryan McDonagh is hit by Nikita Nesterov and loses puck.
2:55 of 2nd period - Shot by Erik Johnson.
2:55 of 2nd period - Shot Misses the Net.
2:57 of 2nd period - Shot by Radim Vrbata.
2:57 of 2nd period - Stopped by Carey Price with a rebound.
2:59 of 2nd period - Shot by Erik Johnson.
2:59 of 2nd period - Deflect By Travis Zajac.
2:59 of 2nd period - Stopped by Carey Price without a rebound.
3:00 of 2nd period - Mikko Koivu wins face-off versus Sam Gagner in COLORADO zone.
3:39 of 2nd period - Shot by Sam Gagner.
3:39 of 2nd period - Stopped by Carey Price without a rebound.
3:40 of 2nd period - Mikko Koivu wins face-off versus Travis Zajac in COLORADO zone.
4:11 of 2nd period - Mikko Koivu is hit by Jaden Schwartz.
5:09 of 2nd period - David Krejci is hit by Jason Spezza and loses puck.
5:29 of 2nd period - Shot by Sam Gagner.
5:29 of 2nd period - Shot Misses the Net.
5:31 of 2nd period - Shot by Brooks Orpik.
5:31 of 2nd period - Shot Misses the Net.
6:19 of 2nd period - Shot by Radim Vrbata.
6:19 of 2nd period - Shot Hit the Post.
7:07 of 2nd period - Shot by Mikko Koivu.
7:07 of 2nd period - Stopped by Ben Bishop with a rebound.
7:09 of 2nd period - Shot by Joe Thornton.
7:09 of 2nd period - Stopped by Ben Bishop without a rebound.
7:10 of 2nd period - Jason Spezza wins face-off versus Patrik Berglund in ST.LOUIS zone.
7:34 of 2nd period - Shot by Sam Gagner.
7:34 of 2nd period - Shot Blocked by Adam Lowry.
7:36 of 2nd period - Shot by Jason Spezza.
7:36 of 2nd period - Shot Misses the Net.
7:40 of 2nd period - Shot by Sam Gagner.
7:40 of 2nd period - Shot Misses the Net.
7:46 of 2nd period - Shot by Sam Gagner.
7:46 of 2nd period - Shot Misses the Net.
7:48 of 2nd period - Shot by Calle Jarnkrok.
7:48 of 2nd period - Deflect By Jason Spezza.
7:48 of 2nd period - Shot Misses the Net.
7:50 of 2nd period - Shot by Alex Petrovic.
7:50 of 2nd period - Deflect By Calle Jarnkrok.
7:50 of 2nd period - Stopped by Carey Price without a rebound.
7:51 of 2nd period - Mikko Koivu wins face-off versus Travis Zajac in COLORADO zone.
8:02 of 2nd period - Icing by Mikko Koivu.
8:03 of 2nd period - Travis Zajac wins face-off versus Mikko Koivu in COLORADO zone.
8:25 of 2nd period - Erik Johnson is hit by Dan Girardi and loses puck.
8:48 of 2nd period - Icing by Jack Johnson.
8:49 of 2nd period - Joe Thornton wins face-off versus Jason Spezza in COLORADO zone.
9:17 of 2nd period - Shot by Alex Petrovic.
9:17 of 2nd period - Shot Misses the Net.
9:46 of 2nd period - Minor Penalty to Patrik Berglund for Slashing.
9:47 of 2nd period - Travis Zajac wins face-off versus Riley Sheahan in COLORADO zone.
9:58 of 2nd period - Shot by Radim Vrbata.
9:58 of 2nd period - Stopped by Carey Price without a rebound.
9:59 of 2nd period - Riley Sheahan wins face-off versus Travis Zajac in COLORADO zone.
10:11 of 2nd period - Off-side.
10:12 of 2nd period - Travis Zajac wins face-off versus Mikko Koivu in neutral zone.
10:23 of 2nd period - Shot by Jaden Schwartz.
10:23 of 2nd period - Stopped by Carey Price without a rebound.
10:24 of 2nd period - Jason Spezza wins face-off versus Joe Thornton in COLORADO zone.
12:20 of 2nd period - Icing by Kevin Klein.
12:21 of 2nd period - David Krejci wins face-off versus Travis Zajac in COLORADO zone.
12:21 of 2nd period - David Krejci is hit by Zack Kassian.
12:28 of 2nd period - Off-side.
12:29 of 2nd period - Jason Spezza wins face-off versus Adam Lowry in neutral zone.
12:46 of 2nd period - Shot by Sam Gagner.
12:46 of 2nd period - Stopped by Carey Price with a rebound.
12:48 of 2nd period - Shot by Calle Jarnkrok.
12:48 of 2nd period - Shot Misses the Net.
12:50 of 2nd period - Shot by Alex Petrovic.
12:50 of 2nd period - Stopped by Carey Price without a rebound.
12:51 of 2nd period - Mikko Koivu wins face-off versus Travis Zajac in COLORADO zone.
12:57 of 2nd period - Jack Johnson is hit by Radim Vrbata and loses puck.
13:17 of 2nd period - Icing by Jack Johnson.
13:18 of 2nd period - Jason Spezza wins face-off versus Mikko Koivu in COLORADO zone.
13:18 of 2nd period - Jason Spezza is hit by Jack Johnson.
13:51 of 2nd period - Minor Penalty to David Pastrnak for Hooking.
13:51 of 2nd period - Minor Penalty to Alex Petrovic for Cross-checking.
13:52 of 2nd period - Travis Zajac wins face-off versus Joe Thornton in neutral zone.
14:07 of 2nd period - Shot by Jaden Schwartz.
14:07 of 2nd period - Shot Misses the Net.
14:13 of 2nd period - Shot by Jaden Schwartz.
14:13 of 2nd period - Stopped by Carey Price with a rebound.
14:19 of 2nd period - Shot by Travis Zajac.
14:19 of 2nd period - Shot Misses the Net.
14:23 of 2nd period - Shot by Ryan McDonagh.
14:23 of 2nd period - Shot Misses the Net.
14:25 of 2nd period - Shot by Jaden Schwartz.
14:25 of 2nd period - Shot Misses the Net.
14:51 of 2nd period - Shot by Radim Vrbata.
14:51 of 2nd period - Stopped by Carey Price without a rebound.
14:52 of 2nd period - Travis Zajac wins face-off versus Patrik Berglund in COLORADO zone.
14:52 of 2nd period - Travis Zajac is hit by Kevin Klein.
15:27 of 2nd period - Icing by Dan Girardi.
15:28 of 2nd period - Patrik Berglund wins face-off versus Jason Spezza in COLORADO zone.
15:28 of 2nd period - Patrik Berglund is hit by Jason Spezza.
16:11 of 2nd period - Icing by Darnell Nurse.
16:12 of 2nd period - Nick Bjugstad wins face-off versus Ryan Dzingel in ST.LOUIS zone.
16:17 of 2nd period - Shot by Nick Bjugstad.
16:17 of 2nd period - Shot Misses the Net.
16:25 of 2nd period - Shot by Riley Sheahan.
16:25 of 2nd period - Stopped by Ben Bishop without a rebound.
16:26 of 2nd period - Jason Spezza wins face-off versus David Krejci in ST.LOUIS zone.
16:37 of 2nd period - Shot by Sam Gagner.
16:37 of 2nd period - Shot Blocked by Alexey Marchenko.
18:11 of 2nd period - Ryan Dzingel is hit by Artem Anisimov and loses puck.
18:18 of 2nd period - David Krejci is hit by Troy Brouwer and loses puck.
18:25 of 2nd period - Shot by Vladislav Namestnikov.
18:25 of 2nd period - Stopped by Carey Price without a rebound.
18:26 of 2nd period - Mikko Koivu wins face-off versus Jason Spezza in COLORADO zone.
18:51 of 2nd period - Shot by Calle Jarnkrok.
18:51 of 2nd period - Stopped by Carey Price without a rebound.
18:52 of 2nd period - Patrik Berglund wins face-off versus Ryan Dzingel in COLORADO zone.
18:52 of 2nd period - Patrik Berglund is hit by Troy Brouwer.
19:06 of 2nd period - Shot by Patrik Berglund.
19:06 of 2nd period - Stopped by Ben Bishop without a rebound.
19:07 of 2nd period - Travis Zajac wins face-off versus David Pastrnak in ST.LOUIS zone.
19:33 of 2nd period - Mikko Koivu is hit by Jaden Schwartz and loses puck.
19:44 of 2nd period - Shot by Travis Zajac.
19:44 of 2nd period - Stopped by Carey Price without a rebound.
19:45 of 2nd period - Jason Spezza wins face-off versus Patrik Berglund in COLORADO zone.
Goals for this period are 0 for ST.LOUIS vs 0 for COLORADO.
Shots for this period are 16 for ST.LOUIS vs 4 for COLORADO.

3rd period


0:01 of 3rd period - Joe Thornton wins face-off versus Travis Zajac in neutral zone.
0:16 of 3rd period - David Pastrnak is hit by Erik Johnson and loses puck.
0:52 of 3rd period - Jaden Schwartz is hit by David Pastrnak and loses puck.
1:04 of 3rd period - Minor Penalty to Erik Johnson for Interference.
1:05 of 3rd period - David Krejci wins face-off versus Troy Brouwer in ST.LOUIS zone.
1:21 of 3rd period - David Krejci is hit by Alex Petrovic and loses puck.
2:12 of 3rd period - Shot by Jack Johnson.
2:12 of 3rd period - Stopped by Ben Bishop without a rebound.
2:13 of 3rd period - Mikko Koivu wins face-off versus Travis Zajac in ST.LOUIS zone.
2:40 of 3rd period - Shot by David Pastrnak.
2:40 of 3rd period - Stopped by Ben Bishop without a rebound.
2:41 of 3rd period - David Krejci wins face-off versus Travis Zajac in ST.LOUIS zone.
2:55 of 3rd period - Shot by Calvin de Haan.
2:55 of 3rd period - Shot Blocked by Travis Zajac.
2:57 of 3rd period - Shot by Dylan Larkin.
2:57 of 3rd period - Stopped by Ben Bishop without a rebound.
2:58 of 3rd period - David Krejci wins face-off versus Jaden Schwartz in ST.LOUIS zone.
3:32 of 3rd period - Carl Soderberg is hit by Darnell Nurse and loses puck.
3:41 of 3rd period - Shot by Patrik Berglund.
3:41 of 3rd period - Shot Blocked by Calle Jarnkrok.
3:43 of 3rd period - Shot by Alexey Marchenko.
3:43 of 3rd period - Goal by Alexey Marchenko - ST.LOUIS : 2 - COLORADO : 2.
3:44 of 3rd period - Mikko Koivu wins face-off versus Ryan Dzingel in neutral zone.
4:57 of 3rd period - Shot by Jaden Schwartz.
4:57 of 3rd period - Shot Blocked by Brandon Carlo.
5:10 of 3rd period - Shot by Jaden Schwartz.
5:10 of 3rd period - Stopped by Carey Price with a rebound.
5:12 of 3rd period - Shot by Travis Zajac.
5:12 of 3rd period - Deflect By Jaden Schwartz.
5:12 of 3rd period - Goal by Jaden Schwartz - ST.LOUIS : 3 - COLORADO : 2.
5:13 of 3rd period - Patrik Berglund wins face-off versus Jason Spezza in neutral zone.
5:27 of 3rd period - Shot by Calle Jarnkrok.
5:27 of 3rd period - Stopped by Carey Price with a rebound.
5:29 of 3rd period - Shot by Darnell Nurse.
5:29 of 3rd period - Shot Misses the Net.
5:31 of 3rd period - Shot by Jason Spezza.
5:31 of 3rd period - Stopped by Carey Price without a rebound.
5:32 of 3rd period - Nick Bjugstad wins face-off versus Ryan Dzingel in COLORADO zone.
5:50 of 3rd period - Off-side.
5:51 of 3rd period - Patrik Berglund wins face-off versus Travis Zajac in neutral zone.
5:53 of 3rd period - Off-side.
5:54 of 3rd period - Patrik Berglund wins face-off versus Travis Zajac in neutral zone.
6:30 of 3rd period - Shot by Patrik Berglund.
6:30 of 3rd period - Shot Misses the Net.
7:21 of 3rd period - Shot by David Krejci.
7:21 of 3rd period - Shot Blocked by Jason Spezza.
7:52 of 3rd period - Off-side.
7:53 of 3rd period - David Pastrnak wins face-off versus Ryan Dzingel in neutral zone.
8:11 of 3rd period - Ryan Dzingel is hit by Brandon Carlo and loses puck.
8:29 of 3rd period - Ryan Dzingel is hit by Calvin de Haan and loses puck.
8:37 of 3rd period - Icing by Joe Thornton.
8:38 of 3rd period - Mikko Koivu wins face-off versus Travis Zajac in COLORADO zone.
9:28 of 3rd period - Shot by Adam Lowry.
9:28 of 3rd period - Shot Misses the Net.
9:32 of 3rd period - Shot by Adam Lowry.
9:32 of 3rd period - Shot Misses the Net.
9:34 of 3rd period - Shot by Jack Johnson.
9:34 of 3rd period - Shot Misses the Net.
9:36 of 3rd period - Shot by Dan Girardi.
9:36 of 3rd period - Shot Blocked by Ryan McDonagh.
9:56 of 3rd period - Shot by Dylan Larkin.
9:56 of 3rd period - Stopped by Ben Bishop without a rebound.
9:57 of 3rd period - Jason Spezza wins face-off versus Nick Bjugstad in ST.LOUIS zone.
10:16 of 3rd period - Shot by Alex Petrovic.
10:16 of 3rd period - Shot Misses the Net.
10:18 of 3rd period - Shot by Calle Jarnkrok.
10:18 of 3rd period - Goal by Calle Jarnkrok - ST.LOUIS : 4 - COLORADO : 2.
10:19 of 3rd period - Mikko Koivu wins face-off versus Ryan Dzingel in neutral zone.
10:22 of 3rd period - Jonathan Ericsson is hit by Mikko Koivu.
10:33 of 3rd period - Calvin de Haan is hit by Troy Brouwer and loses puck.
10:40 of 3rd period - Icing by Jonathan Ericsson.
10:41 of 3rd period - Patrik Berglund wins face-off versus Ryan Dzingel in ST.LOUIS zone.
10:41 of 3rd period - Patrik Berglund is hit by Jonathan Ericsson.
10:49 of 3rd period - Shot by Carl Soderberg.
10:49 of 3rd period - Stopped by Ben Bishop with a rebound.
10:51 of 3rd period - Shot by Patrik Berglund.
10:51 of 3rd period - Shot Blocked by Darnell Nurse.
11:01 of 3rd period - Shot by Vladislav Namestnikov.
11:01 of 3rd period - Stopped by Carey Price without a rebound.
11:02 of 3rd period - Jason Spezza wins face-off versus Mikko Koivu in COLORADO zone.
11:14 of 3rd period - Icing by Calvin de Haan.
11:15 of 3rd period - Mikko Koivu wins face-off versus Travis Zajac in COLORADO zone.
11:59 of 3rd period - Minor Penalty to Erik Johnson for Cross-checking.
12:00 of 3rd period - Travis Zajac wins face-off versus Artem Anisimov in ST.LOUIS zone.
12:00 of 3rd period - Jaden Schwartz is hit by David Krejci.
12:11 of 3rd period - Icing by Jack Johnson.
12:12 of 3rd period - Dylan Larkin wins face-off versus Travis Zajac in COLORADO zone.
12:37 of 3rd period - Shot by Dylan Larkin.
12:37 of 3rd period - Shot Misses the Net.
13:08 of 3rd period - Brooks Orpik is hit by David Krejci and loses puck.
13:27 of 3rd period - Shot by David Pastrnak.
13:27 of 3rd period - Shot Misses the Net.
13:29 of 3rd period - Shot by Joe Thornton.
13:29 of 3rd period - Shot Misses the Net.
13:31 of 3rd period - Shot by Mikko Koivu.
13:31 of 3rd period - Shot Misses the Net.
13:33 of 3rd period - Shot by Joe Thornton.
13:33 of 3rd period - Stopped by Ben Bishop with a rebound.
13:35 of 3rd period - Shot by Jonas Brodin.
13:35 of 3rd period - Shot Misses the Net.
14:07 of 3rd period - Shot by Carl Soderberg.
14:07 of 3rd period - Shot Misses the Net.
14:30 of 3rd period - Zack Kassian is hit by Nikita Nesterov and loses puck.
14:43 of 3rd period - Adam Lowry is hit by Darren Archibald and loses puck.
14:57 of 3rd period - Icing by Jonathan Ericsson.
14:58 of 3rd period - Nick Bjugstad wins face-off versus Travis Zajac in ST.LOUIS zone.
15:21 of 3rd period - Shot by Nick Bjugstad.
15:21 of 3rd period - Stopped by Ben Bishop with a rebound.
15:23 of 3rd period - Shot by Riley Sheahan.
15:23 of 3rd period - Goal by Riley Sheahan - ST.LOUIS : 4 - COLORADO : 3.
15:24 of 3rd period - Jason Spezza wins face-off versus Mikko Koivu in neutral zone.
15:53 of 3rd period - Shot by Joe Thornton.
15:53 of 3rd period - Deflect By David Pastrnak.
15:53 of 3rd period - Stopped by Ben Bishop without a rebound.
15:54 of 3rd period - David Krejci wins face-off versus Ryan Dzingel in ST.LOUIS zone.
15:55 of 3rd period - Shot by Dylan Larkin.
15:55 of 3rd period - Shot Misses the Net.
16:16 of 3rd period - Dylan Larkin is hit by Alex Petrovic and loses puck.
16:22 of 3rd period - David Krejci is hit by Alex Petrovic.
16:24 of 3rd period - Shot by Dylan Larkin.
16:24 of 3rd period - Stopped by Ben Bishop without a rebound.
16:25 of 3rd period - Mikko Koivu wins face-off versus Jason Spezza in ST.LOUIS zone.
16:25 of 3rd period - David Pastrnak is hit by Ryan McDonagh and loses puck.
16:40 of 3rd period - David Pastrnak is hit by Ryan McDonagh and loses puck.
17:06 of 3rd period - Minor Penalty to David Pastrnak for Hooking.
17:07 of 3rd period - Mikko Koivu wins face-off versus Travis Zajac in COLORADO zone.
18:11 of 3rd period - Shot by Jason Spezza.
18:11 of 3rd period - Stopped by Carey Price without a rebound.
18:12 of 3rd period - Joe Thornton wins face-off versus Jason Spezza in COLORADO zone.
18:36 of 3rd period - Icing by Erik Johnson.
18:37 of 3rd period - David Krejci wins face-off versus Jason Spezza in ST.LOUIS zone.
19:04 of 3rd period - Shot by Jaden Schwartz.
19:04 of 3rd period - Shot Misses the Net.
19:10 of 3rd period - COLORADO, Carey Price is pulled from the net.
19:10 of 3rd period - Shot by David Pastrnak.
19:10 of 3rd period - Deflect By Joe Thornton.
19:10 of 3rd period - Stopped by Ben Bishop without a rebound.
19:11 of 3rd period - Mikko Koivu wins face-off versus Travis Zajac in ST.LOUIS zone.
19:36 of 3rd period - Shot by Dan Girardi.
19:36 of 3rd period - Stopped by Ben Bishop without a rebound.
19:37 of 3rd period - Travis Zajac wins face-off versus Artturi Lehkonen in ST.LOUIS zone.
Goals for this period are 2 for ST.LOUIS vs 2 for COLORADO.
Shots for this period are 7 for ST.LOUIS vs 13 for COLORADO.